 Dungeon Crawl Stone Soup version 0.28-a0-862-g58c29a6370 (webtiles) character file.

Game seed: 7455468792565388980

103 Froggeryz the Sneak (level 4, -1/26 HPs)
             Began as a Gargoyle Enchanter on Nov 16, 2021.
             Slain by Crazy Yiuf (5 damage)
             ... on level 2 of the Dungeon.
             The game lasted 00:02:41 (3277 turns).

Froggeryz the Sneak (Gargoyle Enchanter)            Turns: 3277, Time: 00:02:42

Health: -1/26      AC:  9    Str: 13    XL:     4   Next: 79%
Magic:  7/7        EV: 10    Int: 15    God:
Gold:   111        SH:  0    Dex: 10    Spells: 7/7 levels left

rFire   . . .      SeeInvis .   g - +1 dagger (venom)
rCold   . . .      Faith    .   (no shield)
rNeg    + . .      Spirit   .   f - +0 ring mail
rPois   ∞          Reflect  .   (no helmet)
rElec   +          Harm     .   (no cloak)
rCorr   .          Rampage  .   (no gloves)
Will    .....                   (no boots)
Stlth   +.........              (no amulet)
HPRegen 0.08/turn               (no ring)
MPRegen 0.10/turn               (no ring)

@: no status effects
A: sickness immunity, AC +3, negative energy resistance 1, electricity
resistance, torment resistance 1, petrification resistance
a: no special abilities


You were on level 2 of the Dungeon.
You visited 1 branch of the dungeon, and saw 2 of its levels.

You collected 111 gold pieces.

Inventory:

Hand Weapons
 a - a +1 dagger
 d - a +0 hunting sling
 g - a +1 dagger of venom (weapon)
 h - a +0 club
Missiles
 b - 22 poisoned darts (quivered)
 e - 19 stones
Armour
 f - a +0 ring mail (worn)
Scrolls
 m - a scroll of magic mapping {unknown}
 o - a scroll of immolation {unknown}
 p - a scroll of brand weapon {unknown}
 r - a scroll of blinking {unknown}
Potions
 c - a potion of invisibility
 i - 2 potions of resistance {unknown}
 j - a potion of curing {unknown}
 k - a potion of lignification {unknown}
 l - a potion of might {unknown}
 n - a potion of magic {unknown}
 q - a potion of brilliance {unknown}
 s - 2 potions of heal wounds {unknown}


   Skills:
 - Level 2.0 Fighting
 - Level 1.0 Short Blades
 * Level 3.0 Maces & Flails
 - Level 2.0 Armour
 - Level 1.5 Dodging
 - Level 3.2 Stealth
 - Level 2.0 Spellcasting
 - Level 2.6 Hexes


You had 7 spell levels left.
You didn't know any spells.
Your spell library contained the following spells:

 Spells                   Type           Power      Damage    Failure   Level
 Ensorcelled Hibernation  Hex/Ice        10%        N/A       38%         2
 Confusing Touch          Hex            9%         N/A       43%         3
 Tukima's Dance           Hex            9%         N/A       43%         3
 Dazzling Flash           Conj/Hex       10%        N/A       63%         3
 Spider Form              Tmut/Pois      1%         N/A       80%         3


Dungeon Overview and Level Annotations

Branches:
Dungeon (2/15)

Altars:

Annotations:
D:2 Crazy Yiuf


Innate Abilities, Weirdness & Mutations

You are immune to sickness and miasma.
Your stone body is resilient. (AC +3)
You are immune to poison.
You resist negative energy. (rN+)
You are resistant to electric shocks. (rElec)
You are resistant to unholy torment.
You are immune to petrification.


Message History

A quokka is nearby!
You hit the quokka.
The quokka is moderately wounded.
The quokka bites you but does no damage.
You hit the quokka but do no damage.
The quokka is poisoned.
The quokka is moderately wounded.
The quokka bites you but does no damage.
You closely miss the quokka.
The quokka is moderately wounded.
The quokka barely misses you.
A quokka is nearby!
You hit the quokka.
The quokka looks as sick as possible!
The quokka is almost dead.
You kill the quokka!
Your Maces & Flails skill increases to level 3!
You see here a quokka corpse.
s - 2 lumpy amethyst potions No target in view!
Partly explored, can't reach some places.
Partly explored, can't reach some places.
No target in view!
No target in view!
Partly explored, can't reach some places.
You hit the fungus.
The fungus begins to die.
The fungus is lightly damaged.
You hit the fungus.
The fungus is poisoned.
The fungus is lightly damaged.
A nearby fungus withers and dies.
Found a mace.
Found a runed translucent door.
Crazy Yiuf shouts!
You open the door. You barely miss Crazy Yiuf.
Crazy Yiuf whimpers, "Tonal!"
Crazy Yiuf zaps a wand.
The puff of flame hits you!
You hit Crazy Yiuf.
Crazy Yiuf is poisoned.
Crazy Yiuf is lightly wounded.
Crazy Yiuf hits you with a +2 quarterstaff of chaos!
* * * LOW HITPOINT WARNING * * *
Crazy Yiuf burns you.
You die...

#.[.# ##...####
........#
........##
.........#
##...#####
♣♣♣♣♣### .....#
### ♣♣♣.♣.P..##
##...#
#...#♣..♣.♣....##
######
#...g@♣♣♣♣PP....#
# #)..#♣♣
♣♣P....# # ###
♣♣###.# #..#
######## #.##
###......## ####
###.# .....####.#
#..# #.#.#
......###.####..#
#...#
................#
#.###


You could see Crazy Yiuf (very poisoned).

Vanquished Creatures
  3 gnolls (D:2)
  An adder (D:2)
  2 worms (D:2)
  2 dart slugs (D:1)
  2 ball pythons
  7 endoplasms
  3 giant cockroaches
  8 goblins
  3 hobgoblins (D:1)
  3 jackals (D:1)
  2 quokkas (D:2)
  9 bats
  3 frilled lizards (D:1)
  2 kobolds
  5 rats
55 creatures vanquished.

Vanquished Creatures (others)
  A fungus (D:2)
1 creature vanquished.

Grand Total: 56 creatures vanquished

Notes
Turn   | Place    | Note
-------+----------+-------------------------------------------
     0 | D:1      | Froggeryz the Gargoyle Enchanter began the quest for the
                  | Orb.
     0 | D:1      | Reached XP level 1. HP: 10/10 MP: 3/3
   354 | D:1      | Reached skill level 1 in Fighting
   354 | D:1      | Reached skill level 1 in Armour
   354 | D:1      | Reached XP level 2. HP: 7/16 MP: 5/5
  1023 | D:1      | Reached XP level 3. HP: 16/21 MP: 6/6
  1233 | D:1      | Reached skill level 1 in Short Blades
  1818 | D:2      | Found a faded altar of an unknown god.
  2021 | D:2      | Reached skill level 1 in Maces & Flails
  2506 | D:2      | Reached XP level 4. HP: 21/26 MP: 7/7
  3271 | D:2      | Found a runed translucent door.
  3272 | D:2      | Noticed Crazy Yiuf
  3277 | D:2      | Slain by Crazy Yiuf

Illustrated notes

Levels and vault maps discovered:
D:1:      psy_arrival_conway, layout_basic, minmay_misc_feat_room,
          minmay_splitting_lines
D:2:      layout_loops_ring, shapermc_ecumenical_altar_venn,
          nrook_loot_triangle, uniq_crazy_yiuf_cottage

Skill      XL: |  1  2  3  4 |
---------------+-------------+-----
Fighting       | 1 2 |  2.0
Armour         | 1 2 |  2.0
Short Blades   | 1 |  1.0
Maces & Flails | 1 3 |  3.0
Dodging        | |  1.5
Stealth        | |  3.2
Spellcasting   | |  2.0
Hexes          | |  2.6

Action                   |  1- 3 |  4- 6 || total
-------------------------+-------+-------++-------
Melee: Dagger            |   142 |    50 ||   192
 Fire: Hunting sling     |    13 |       ||    13
 Stab: Sleeping          |     3 |     2 ||     5
Armor: Robe              |    18 |       ||    18
       Leather armour    |    13 |       ||    13
       Ring mail         |    21 |    19 ||    40
Dodge: Dodged            |    90 |    26 ||   116

Table legend: (Time is in decaauts)
 A = Elapsed time spent in this place.
 B = Non-inter-level travel time spent in this place.
 C = Inter-level travel time spent in this place.
 D = Time resting spent in this place.
 E = Time spent auto-exploring this place.
 F = Levels seen in this place.
 G = Mean time per level.
                   A        B        C        D        E       F      G
               +--------+--------+--------+--------+--------+-----+--------+
         Total |   3273 |   3250 |     23 |    954 |   1798 |   2 | 1636.5 |
       Dungeon |   3273 |   3250 |     23 |    954 |   1798 |   2 | 1636.5 |
               +--------+--------+--------+--------+--------+-----+--------+

Top non-repeatable levels by time:
     D:1: 1768 daAuts
     D:2: 1504 daAuts
